 Dungeon Crawl Stone Soup version 0.30.1-9-gdf580d7c3d (webtiles) character file.

Game seed: 15085816385988905479

10549 Woods the Covert (level 11, -6/50 HPs)
             Began as a Felid Conjurer on Oct 23, 2023.
             Was an Elder of Ashenzari.
             Mangled by a yak (11 damage)
             ... led by a torpor snail
             ... on level 5 of the Lair of Beasts.
             The game lasted 01:29:33 (26966 turns).

Woods the Covert (Felid Conjurer)                  Turns: 26966, Time: 01:29:34

Health: -6/50      AC:  3    Str:  8    XL:     11   Next: 37%
Magic:  30/36      EV: 24    Int: 25    God:    Ashenzari [****..]
Gold:   285        SH:  0    Dex: 15    Spells: 1/32 levels left
                                        Lives:  0   Deaths: 2

rFire   . . .        (weapon unavailable)
rCold   + . .        (shield unavailable)
rNeg    . . .        (body armour unavailable)
rPois   +            (helmet unavailable)
rElec   .            (cloak unavailable)
rCorr   +            (gloves unavailable)
SInv    +            (boots unavailable)
Will    +....        v - amulet "Chained Pragmatism" {Acrobat, Elem, Bglg} (curse)
Stlth   +++++        u - ring of Ashenzari's Adversity {MP+9, Melee, Elem} (curse)
HPRegen 0.28/turn    G - ring "Suokez" {rPois rCorr Str+3 Int+3}
MPRegen 0.25/turn

%: acrobat, clarity
@: slowed, studying Hexes, slow
A: very small, claws 1, fangs 3, see invisible, speed 1, shaggy fur 3, stealthy
paws, no weapons or thrown items, no armour, multi-lived
a: Renounce Religion, Curse Item, Shatter the Chains


You were on level 5 of the Lair of Beasts.
You worshipped Ashenzari.
Ashenzari was greatly pleased with you.
You visited 3 branches of the dungeon, and saw 17 of its levels.

You collected 933 gold pieces.
You spent 648 gold pieces at shops.

Inventory:

Jewellery
 f - a ring of protection from fire
 s - a +5 ring of evasion
 u - the cursed ring of Ashenzari's Adversity (left paw) {MP+9, Melee, Elem}
   (You found it on level 6 of the Dungeon)

   [ring of magical power]

   MP:        It affects your magic capacity (+9).
   It has a curse which improves the following skills: Melee Combat: Unarmed
   Combat.
   Elements:  Fire Magic, Ice Magic, Air Magic and Earth Magic.
 v - the cursed amulet "Chained Pragmatism" (around neck) {Acrobat, Elem, Bglg}
   (You found it on level 6 of the Dungeon)

   [amulet of the acrobat]

   It increases your evasion while moving and waiting.
   It has a curse which improves the following skills: Elements: Fire Magic, Ice
   Magic, Air Magic and Earth Magic.
   Beguiling: Conjurations, Hexes and Translocations.
 w - a +4 ring of slaying
 C - a ring of positive energy
 D - a +5 ring of evasion
 F - a ring of poison resistance
 G - the ring "Suokez" (right paw) {rPois rCorr Str+3 Int+3}
   (You acquired it on level 4 of the Lair of Beasts)

   [ring of resist corrosion]

   Str:       It affects your strength (+3).
   Int:       It affects your intelligence (+3).
   rPois:     It protects you from poison.
   rCorr:     It protects you from acid and corrosion.
Wands
 l - a wand of flame (51)
 m - a wand of light (7)
 y - a wand of paralysis (20)
 A - a wand of iceblast (15)
 B - a wand of mindburst (12)
 E - a wand of digging (7)
Scrolls
 d - 2 scrolls of poison
 e - 2 scrolls of amnesia
 i - 3 scrolls of fear
 k - 2 scrolls of immolation
 o - 4 scrolls of teleportation
 p - 3 scrolls of magic mapping
 q - 3 scrolls of fog
 r - a scroll of vulnerability
 t - 4 scrolls of butterflies
Potions
 a - 2 potions of magic
 b - 5 potions of curing
 c - 2 potions of ambrosia
 g - 2 potions of flight
 h - 6 potions of heal wounds
 j - 3 potions of mutation
 x - 2 potions of might
 z - a potion of invisibility


   Skills:
 + Level 7.6 Fighting
 + Level 12.3 Dodging
 + Level 12.7 Stealth
 + Level 11.2 Spellcasting
 + Level 9.6(11.4) Conjurations
 + Level 5.7(8.4) Fire Magic
 - Level 5.4(8.1) Air Magic


You had one spell level left.
You knew the following spells:

 Your Spells              Type           Power      Damage    Failure   Level
a - Magic Dart            Conj           100%       1d8       1%          1
b - Searing Ray           Conj           100%       2d8       1%          2
c - Dazzling Flash        Conj/Hex       86%        N/A       1%          3
d - Fulminant Prism       Conj/Hex       21%        3d12      4%          4
e - Iskenderun's Mystic   Conj/Tloc      43%        2d10      4%          4
f - Arcjolt               Conj/Air       29%        1d39      2%          5
g - Starburst             Conj/Fire      29%        6d9       11%         6
h - Plasma Beam           Fire/Air       26%        2x1d42    22%         6

Your spell library contained the following spells:

 Spells                   Type           Power      Damage    Failure   Level
 Foxfire                  Conj/Fire      100%       2x1d9     1%          1
 Fireball                 Conj/Fire      29%        3d13      1%          5
 Cigotuvi's Dreadful Rot  Necr/Pois/Air  54%        N/A       2%          2
 Volatile Blastmotes      Fire/Tloc      70%        2d15      2%          3
 Ignite Poison            Fire/Tmut/Pois 28%        N/A       4%          3
 Freezing Cloud           Conj/Ice/Air   23%        6-21      8%          5
 Summon Lightning Spire   Summ/Air       34%        N/A       9%          4
 Ozocubu's Armour         Ice            15%        N/A       12%         3
 Lee's Rapid Deconstruct  Erth           7%         3d7*      71%         5
 Ozocubu's Refrigeration  Ice            7%         4d9       100%        7
 Storm Form               Tmut/Air       17%        N/A       100%        7
 Maxwell's Capacitive Co  Air            26%        ∞         100%        8


Dungeon Overview and Level Annotations

Branches:
Dungeon (11/15)            Temple (1/1) D:7            Lair (5/5) D:9
 Shoals (0/4) Lair:2       Spider (0/4) Lair:3        Slime (0/5) Lair:5
    Orc (0/2) D:10

Altars:
Ashenzari
Cheibriados
Dithmenos
Elyvilon
Fedhas
Gozag
Hepliaklqana
Kikubaaqudgha
Makhleb
Nemelex Xobeh
Okawaru
Qazlal
Ru
Sif Muna
Trog
Uskayaw
Vehumet
Wu Jian
Xom
Yredelemnul
Zin
The Shining One

Shops:
D:6 (   D:8 :[:

Annotations:
D:5 Grinder
D:8 exclusion: two-headed ogre
D:9 Harold
D:10 11 exclusions
Lair:4 1 runed translucent door, Hueggu Guzoe's ghost, journeyman TrFi


Innate Abilities, Weirdness & Mutations

You have sharp claws.
You have razor-sharp teeth.
You have supernaturally acute eyesight. (SInv)
You cover ground quickly. (Speed+)
Your thick and shaggy fur keeps you warm. (AC +3, rC+)
Your paws help you pounce on unaware monsters.
You are incapable of wielding weapons or throwing items.
You cannot wear armour.
You gain extra lives every three experience levels.


Message History

Magic restored.
There is a stone staircase leading down here.
You climb downwards.
The yak bellows! x4; The basilisk hisses angrily.
The polar bear growls angrily.
The komodo dragon hisses angrily.
The yak closely misses you. The yak completely misses you.
The yak barely misses you. The yak gores you.
Being near the torpor snail leaves you feeling lethargic.
There is a stone staircase leading up, spattered with blood here.
You see here the felid skeleton of Woods.
Casting: Arcjolt (dangerous; 2% risk of failure)
Confirm with . or Enter, or press ? or * to list all spells.
The spell is quite dangerous to miscast (11% risk of failure)!
Continue anyway?
Casting: Starburst (quite dangerous; 11% risk of failure)
Press: ? - help, Dir - look around, f - activate The bolt of fire hits the yak!!
The yak is severely wounded.
The bolt of fire hits the polar bear!!
The polar bear is severely wounded.
The bolt of fire hits the yak!!
The yak is severely wounded.
The bolt of fire hits the yak!!
The yak is almost dead.
The bolt of fire hits the yak!!!
You kill the yak!
The bolt of fire hits the yak!!
The yak is severely wounded.
The bolt of fire hits the yak!!
The yak is almost dead.
The bolt of fire hits the yak!!
The yak is heavily wounded.
The bolt of fire hits the basilisk!!
The basilisk is almost dead.
The yak gores you! The yak closely misses you. The yak gores you!
The yak completely misses you. The yak gores you!
* * * LOW HITPOINT WARNING * * *
The polar bear goes berserk!
The yak gores you!
* * * LOW HITPOINT WARNING * * *
The yak gores you!
You die...

.[..., ,, , , ,, ,
....., ,
##w.#,..P##.*,,,,
* ..., ,*#P...
..PP.* *, .S.#,
*,,*##....#P...,##
#.P##, ,,
.........,... ,, *
.....,
#......#.... , l.#
,, , #.#....P....
* ** .## * *
#...YY..##*** , ##
,** #..lY@...# *
,** # , *
####YYY..# * , *
**, #..h.....#* ,*
* ** , *
*##.......# ,, * ,
*** * ....#.....
>, ,* ,*
*#..l=#..#.# * *
,* * , ,, ......
..,. * * * , * * ,
....... ... , , ~
~,, , , ,,, ,* , ,


You could see a torpor snail, a polar bear (berserk), a komodo dragon, 6 yaks
and a basilisk.

Vanquished Creatures
  2 hydras
  A two-headed ogre (D:10)
  2 skysharks
  Sonja (Lair:4)
  A fire crab (Lair:4)
  Maurice (D:10)
  6 black mambas
  6 elephants (D:9)
  7 cane toads
  Maggie (D:10)
  An unseen horror (D:10)
  7 komodo dragons
  3 rime drakes
  2 polar bears
  4 trolls
  Prince Ribbit (D:6)
  2 hornets
  10 blink frogs
  A culicivora (Lair:3)
  A jumping spider (Lair:3)
  51 yaks
  A vampire (D:9)
  4 basilisks
  6 wyverns
  A redback (Lair:3)
  A vampire mosquito (Lair:4)
  7 water moccasins
  2 sky beasts
  5 orc warriors
  4 black bears
  5 wolves
  4 ogres
  3 centaurs
  A phantom (D:5)
  2 kobold brigands
  Blork the orc (D:6)
  7 bullfrogs
  A gnoll sergeant (D:10)
  2 scorpions (D:6)
  6 wights
  2 electric eels
  4 hounds
  A gnoll bouda (D:6)
  13 orc priests
  A jelly (D:6)
  2 sleepcaps
  An iguana (D:6)
  9 orc wizards
  5 hell rats (Lair:4)
  14 gnolls
  7 adders
  A white imp (D:7)
  3 ufetubi
  6 worms
  A dart slug (D:4)
  34 orcs
  5 endoplasms
  4 giant cockroaches
  5 goblins
  7 hobgoblins
  5 jackals
  3 quokkas
  A ball python (D:2)
  6 bats
  4 frilled lizards
  18 kobolds
  4 rats
  A fulminant prism (Lair:4)
341 creatures vanquished.

Vanquished Creatures (others)
  19 fulminant prisms
19 creatures vanquished.

Grand Total: 360 creatures vanquished

Notes
Turn   | Place    | Note
-------+----------+-------------------------------------------
     0 | D:1      | Woods the Felid Conjurer began the quest for the Orb.
     0 | D:1      | Reached XP level 1. HP: 7/7 MP: 4/4
   204 | D:1      | Reached XP level 2. HP: 11/11 MP: 1/6
   731 | D:1      | Found a faded altar of an unknown god.
  1026 | D:1      | Learned a level 2 spell: Searing Ray
  1286 | D:2      | Reached XP level 3. HP: 14/14 MP: 2/7
  2235 | D:2      | Learned a level 3 spell: Dazzling Flash
  2686 | D:3      | Noticed an ogre
  2740 | D:3      | Reached XP level 4. HP: 18/18 MP: 6/8
  3536 | D:3      | Killed an ogre
  3537 | D:3      | Reached XP level 5. HP: 21/21 MP: 2/10
  3723 | D:4      | Noticed an orc warrior
  3871 | D:4      | Learned a level 4 spell: Fulminant Prism
  4615 | D:4      | Killed an orc warrior
  4616 | D:4      | Reached skill level 5 in Stealth
  4616 | D:4      | Gained mutation: You are covered in thick fur. (AC +2)
                  | [Felid growth]
  4616 | D:4      | Reached XP level 6. HP: 13/24 MP: 1/13
  4839 | D:4      | Found a sparkling altar of Nemelex Xobeh.
  5311 | D:4      | Reached skill level 5 in Dodging
  5747 | D:5      | Entered Level 5 of the Dungeon
  5791 | D:5      | Found a stormy altar of Qazlal.
  5872 | D:5      | Noticed Grinder
  5937 | D:5      | Reached XP level 7. HP: 24/27 MP: 7/14
  6502 | D:5      | Reached skill level 5 in Conjurations
  6636 | D:5      | Reached skill level 5 in Spellcasting
  7097 | D:6      | Noticed Prince Ribbit
  7342 | D:6      | Learned a level 4 spell: Iskenderun's Mystic Blast
  7550 | D:6      | Reached XP level 8. HP: 31/31 MP: 12/17
  7786 | D:6      | Found a white marble altar of Elyvilon.
  7809 | D:6      | Noticed Blork the orc
  7814 | D:6      | Killed Blork the orc
  7954 | D:6      | Found a burning altar of Makhleb.
  7962 | D:6      | Found a basalt altar of Yredelemnul.
  8543 | D:6      | Killed Prince Ribbit
  8544 | D:6      | Reached skill level 5 in Fighting
  8711 | D:6      | Reached XP level 9. HP: 10/40 MP: 19/19
  8843 | D:6      | Found a shadowy altar of Dithmenos.
  8860 | D:6      | Paralysed by a wight for 4 turns
  9200 | D:6      | Found Itixiec Zita's Antique Weapon Boutique.
 10275 | D:7      | Found a shimmering blue altar of Sif Muna.
 10277 | D:7      | Found a glowing silver altar of Zin.
 11099 | D:7      | Found a staircase to the Ecumenical Temple.
 11108 | Temple   | Entered the Ecumenical Temple
 11113 | Temple   | Became a worshipper of Ashenzari the Shackled
 11236 | D:8      | You fall into a shaft and drop 3 floors!
 11257 | D:11     | Noticed a boulder beetle
 11318 | D:10     | Entered Level 10 of the Dungeon
 11323 | D:10     | Found a staircase to the Orcish Mines.
 11392 | D:10     | Noticed an unseen horror
 11570 | D:10     | Killed an unseen horror
 11571 | D:10     | Reached XP level 10. HP: 24/44 MP: 17/22
 12111 | D:10     | Reached skill level 10 in Stealth
 12118 | D:10     | Noticed Maggie
 12157 | D:8      | Reached * piety under Ashenzari
 12157 | D:8      | Reached ** piety under Ashenzari
 12501 | D:8      | Found Itsafouc's Book Shop.
 12618 | D:8      | Found Jutway's Antique Armour Boutique.
 12740 | D:8      | Found Zopy's Tiny Tomes.
 12749 | D:8      | Bought the Folio of Outbursts for 120 gold pieces
 12755 | D:8      | Learned a level 5 spell: Arcjolt
 12888 | D:8      | Noticed a two-headed ogre
 13231 | D:8      | Reached *** piety under Ashenzari
 13231 | D:8      | Reached **** piety under Ashenzari
 13659 | D:9      | Reached skill level 1 in Air Magic
 13664 | D:9      | Reached skill level 10 in Dodging
 14054 | D:9      | Noticed Harold
 14355 | D:9      | Found a radiant altar of Vehumet.
 14428 | D:9      | Reached XP level 11. HP: 41/47 MP: 23/25
 14428 | D:9      | Reached ***** piety under Ashenzari
 14428 | D:9      | Reached ****** piety under Ashenzari
 15219 | D:9      | Found a staircase to the Lair.
 15238 | D:9      | Found a bloodstained altar of Trog.
 15326 | D:9      | HP: 2/47 [Harold/+0 trident (21)]
 15605 | D:10     | Reached skill level 10 in Spellcasting
 15804 | D:10     | Noticed Maurice
 15817 | D:10     | Killed Maurice
 15818 | D:10     | Reached skill level 1 in Fire Magic
 15838 | D:10     | Found an ancient bone altar of Kikubaaqudgha.
 15918 | D:10     | Killed Maggie
 16166 | D:10     | Identified the +5 hand axe of the Spider Nest {heavy, rC++
                  | rCorr Str+3 Dex-3}
 16173 | D:10     | Noticed a two-headed ogre
 16277 | D:8      | Bought a book of Fire for 528 gold pieces
 16284 | D:8      | Learned a level 6 spell: Starburst
 16384 | D:10     | Killed a two-headed ogre
 17110 | Lair:1   | Entered Level 1 of the Lair of Beasts
 19450 | Lair:1   | Gained mutation: Your thick and shaggy fur keeps you warm.
                  | (AC +3, rC+) [Felid growth]
 19450 | Lair:1   | Reached XP level 12. HP: 52/52 MP: 27/27
 20390 | Lair:2   | Reached skill level 5 in Air Magic
 21011 | Lair:2   | Found a staircase to the Shoals.
 22388 | Lair:3   | Learned a level 6 spell: Plasma Beam
 22960 | Lair:3   | Found a hole to the Spider Nest.
 23372 | Lair:3   | Noticed a five-headed hydra
 23478 | Lair:3   | Reached skill level 5 in Fire Magic
 23589 | Lair:3   | Killed a five-headed hydra
 24400 | Lair:4   | Noticed a seven-headed hydra
 24692 | Lair:4   | Reached XP level 13. HP: 57/57 MP: 8/29
 24851 | Lair:4   | Identified a scroll of acquirement
 24859 | Lair:4   | Acquired the ring "Suokez" {rPois rCorr Str+3 Int+3}
 24914 | Lair:4   | Found a runed translucent door.
 24914 | Lair:4   | Found a shimmering altar of Xom.
 24914 | Lair:4   | Noticed Hueggu Guzoe's ghost (journeyman TrFi)
 25184 | Lair:4   | Noticed Sonja
 25687 | Lair:5   | Entered Level 5 of the Lair of Beasts
 26411 | Lair:4   | Killed Sonja
 26523 | Lair:5   | HP: 1/57 [yak (7)]
 26523 | Lair:5   | Slain by a yak
 26524 | Lair:5   | Reached XP level 12. HP: -3/54 MP: 16/37
 26910 | Lair:4   | Slain by a komodo dragon
 26911 | Lair:4   | Reached XP level 11. HP: -4/50 MP: 27/36
 26966 | Lair:5   | Mangled by a yak

Illustrated notes

Levels and vault maps discovered:
D:1:      roderic_chinese_lattice_arrival, layout_rooms,
          shapermc_ecumenical_altar_mp_highgroup
D:2:      layout_basic, nicolae_elevator_lobby_plus
D:3:      layout_loops_cross, kennysheep_generic_room_15
D:4:      layout_basic, mainiacjoe_overflow_cross_hatched, grunt_decor_fettered,
          minmay_manual_macuahuitl
D:5:      layout_basic, mainiacjoe_overflow_boulevard, uniq_grinder
D:6:      layout_loops_ring, mainiacjoe_overflow_surrounded_room,
          grunt_temple_overflow_open, elyvilon_altar_5, serial_shops,
          nicolae_shop_trees, minmay_misc_feat_secret_circle,
          uniq_prince_ribbit1, uniq_blork_the_orc
D:7:      layout_basic, mainiacjoe_overflow_big_doors,
          minmay_temple_entry_statues, chequers_garden, minivault_27
D:8:      layout_loops_ring, serial_shops, shop, minmay_misc_feat_pillars,
          minmay_shop_grid_forest, nicolae_shop_i_like_small_books_too
D:9:      layout_irregular_city, overflow_temple_1_default, trog_antimagical,
          lair_entry_dummy, uniq_harold
D:10:     layout_basic, overflow_temple_1_default, orc_0_dummy, uniq_maurice,
          uniq_maggie
D:11:     layout_rooms, tso_metal_star, uniq_lodul
Temple:   minmay_freezing_vapour_temple
Lair:1:   layout_gridlike
Lair:2:   layout_long_grid, elwin_shoals_entry_rocks, grunt_megastairs_1
Lair:3:   layout_gridlike, spider_nest_entry_funnel_web, wad_woods_road_05
Lair:4:   hellmonk_ruined_rings, layout_regular_city, ebering_ghost_xom,
          uniq_sonja
Lair:5:   minmay_lair_end_frog_pond, layout_loops_ring, slime_entry_2

Skill      XL: |  1  2  3  4  5  6  7  8  9 10 11 12 13 |
---------------+----------------------------------------+-----
Dodging        | 3 4 5 6 8 10 11 12 | 12.3
Stealth        | 3 4 5 6 7 9 10 12 | 12.7
Conjurations   | 4 5 6 7 8 9 |  9.6
Spellcasting   | 3 4 5 6 7 9 10 11 | 11.2
Fighting       | 5 7 |  7.6
Air Magic      | 1 4 5 |  5.4
Fire Magic     | 3 5 |  5.7

Action                     |  1- 3 |  4- 6 |  7- 9 | 10-12 | 13-15 || total
---------------------------+-------+-------+-------+-------+-------++-------
  Melee: Unarmed           |    20 |     9 |       |     2 |       ||    31
         Bite              |     1 |     1 |       |       |       ||     2
         Punch             |       |     1 |       |       |       ||     1
   Cast: Magic Dart        |    75 |    48 |   114 |   204 |     7 ||   448
         Searing Ray       |    12 |    31 |    90 |   123 |     4 ||   260
         Fulminant Prism   |       |       |     3 |     6 |    11 ||    20
         Dazzling Flash    |       |       |     2 |       |     1 ||     3
         Arcjolt           |       |       |       |   113 |     5 ||   118
         Starburst         |       |       |       |    20 |     9 ||    29
         Plasma Beam       |       |       |       |    14 |     3 ||    17
 Invoke: Curse Item        |       |       |       |     3 |       ||     3
         Shatter the Chain |       |       |       |       |     1 ||     1
    Use: Scroll            |       |       |     9 |     2 |     2 ||    13
         Potion            |       |       |     1 |     1 |       ||     2
 Armour: Skin              |     3 |     2 |     1 |     8 |     5 ||    19
  Dodge: Dodged            |    23 |    24 |   107 |   366 |    45 ||   565
